 Dungeon Sprint DCSS version 0.18-a0-1078-gebb93d0 (webtiles) character file.

11728 ahoge the Bludgeoner (level 11, -15/80 HPs)
             Began as a Gargoyle Fighter on Jan 14, 2016.
             Was a High Priest of Okawaru.
             Killed from afar by a frost giant (49 damage)
             ... with a bolt of cold
             ... in the Dungeon (Sprint IX: "|||||||||||||||||||||||||||||").
             The game lasted 00:19:00 (1270 turns).

ahoge the Bludgeoner (Gargoyle Fighter)             Turns: 1270, Time: 00:19:00

Health: -15/80     AC: 18    Str: 21    XL:     11   Next: 82%
Magic:  14/16      EV: 20    Int: 13    God:    Okawaru [*****.]
Gold:   1915       SH: 20    Dex: 15    Spells: 0 memorised, 10 levels left

rFire  + . .     SeeInvis .     g - +1 flail (crush)
rCold  . . .     Gourm    .     C - +2 robe {MR+}
rNeg   + . .     Faith    .     B - +0 large shield "Iqesa" {*Corrode Int+4}
rPois  ∞         Spirit   .     A - +0 helmet
rElec  +         Dismiss  .     q - +0 cloak
rCorr  .         Reflect  .     (no gloves)
SustAt .         Harm     .     r - +0 pair of boots
MR     +....     NoTele   +     (no amulet)
Stlth  ++++++....               u - +3 ring of dexterity
                                t - +3 ring of strength

@: heroism, flying, somewhat resistant to hostile enchantments, very stealthy
A: big wings, deterioration 1, fire resistance 1, negative energy resistance 1,
electricity resistance, weak 1, unbreathing, petrification resistance, rot
immunity, AC +7
a: Stop Flying, Heroism, Finesse, Renounce Religion


You were in the Dungeon.
You worshipped Okawaru.
Okawaru was extremely pleased with you.
You were not hungry.

You visited 1 branch You collected 1915 gold pieces.

Inventory:

Hand Weapons
 a - a +0 flail
 g - a +1 flail of crushing (weapon)
 p - a +2 dire flail of protection
 F - a +3 dire flail
Armour
 b - a +0 scale mail
 c - a +0 shield
 q - a +0 cloak (worn)
 r - a +0 pair of boots (worn)
 s - a +1 scale mail
 A - a +0 helmet (worn)
 B - the +0 large shield "Iqesa" (worn) {*Corrode Int+4}
   (Okawaru gifted it to you in the Dungeon)

   It affects your intelligence (+4).
   It may corrode your equipment when you take damage.
 C - a +2 robe of magic resistance (worn)
 D - a +2 robe of the Archmagi
 G - a +3 scale mail
 H - a +1 pair of gloves
 I - a +2 plate armour
 J - a +0 leather armour of cold resistance
 K - a +3 chain mail
 L - a +3 scale mail
 M - a +1 cloak
 N - a +1 ice dragon armour
Jewellery
 t - a +3 ring of strength (left hand)
 u - a +3 ring of dexterity (right hand)
 E - a +3 ring of intelligence
Wands
 o - a wand of draining (7/15)
 v - a wand of disintegration (17/24)
Scrolls
 k - 5 scrolls of blinking
 m - 5 scrolls of remove curse
 n - 2 scrolls of amnesia
 w - 4 scrolls of enchant weapon
 x - a scroll of recharging
 y - 2 scrolls of fear
 P - a scroll of identify
Potions
 d - 3 potions of might
 e - 8 potions of curing
 i - 4 potions of magic
 j - 5 potions of heal wounds
 O - a potion of resistance
Comestibles
 f - 13 bread rations
 h - 40 fruits
 l - 3 chunks of flesh
 z - 12 meat rations


   Skills:
 + Level 14.4(19.4) Fighting
 + Level 15.7(20.7) Maces & Flails
 + Level 11.9(16.9) Armour
 + Level 10.6(15.6) Dodging
 + Level 8.6(13.6) Stealth
 + Level 9.1(14.1) Shields
 + Level 7.0 Invocations


You had 10 spell levels left.
You didn't know any spells.

Dungeon Overview and Level Annotations

Branches:
Dungeon (1/1)

Altars:
Cheibriados
Dithmenos
Elyvilon
Fedhas
Gozag
Kikubaaqudgha
Makhleb
Nemelex Xobeh
Okawaru
Pakellas
Qazlal
Ru
Sif Muna
Trog
Vehumet
Xom
Yredelemnul
Zin
The Shining One
Beogh
Jiyva
Lugonu

Shops:
D :%[[


Innate Abilities, Weirdness & Mutations

You are resistant to torment.
Your stone body is resilient (AC +7).
You are immune to poison.
You resist negative energy.
You are resistant to electric shocks.
You can survive without breathing.
You are immune to petrification.
You are immune to rotting.
Your large and strong wings let you fly indefinitely.
Your body sometimes deteriorates upon taking damage.
Your flesh is heat resistant.
You are weak. (Str -2)


Message History

You hit the frost giant but do no damage.
You hit the frost giant.
The frost giant is lightly wounded.
You thump the frost giant!
The frost giant is lightly wounded.
The frost giant hits you with a battleaxe of freezing!!
The frost giant freezes you!
You hit the frost giant.
The frost giant is moderately wounded.
The frost giant hits you with a battleaxe of freezing!
The frost giant freezes you.
You bludgeon the frost giant!!
The frost giant is heavily wounded.
Unknown command.
You gain the combat prowess of a mighty hero.
You feel slightly more hungry.
The frost giant gestures at you while chanting.
The bolt of cold hits you!
Ouch! That really hurt!
You die...

▓.▓∩▓.▓(▓.▓(▓
▓y▓.▓.▓.▓.▓.▓)▓
▓l▓.▓∩▓.▓.▓.▓(▓
▓e▓.▓)▓.▓.▓.▓.▓
▓i▓.▓∩▓.▓.▓.▓.▓
▓C▓.▓)▓.▓.▓.▓.▓
▓o▓.▓)▓)▓÷▓.▓.▓
▓C▓.▓)▓.▓.▓.▓)▓
▓@▓.▓)▓.▓.▓.▓|▓
▓.▓.▓[▓.▓'▓.▓.▓
▓.▓.▓)▓.▓.▓.▓.▓
▓.▓.▓.▓.▓.▓.▓'▓
▓.▓.▓.▓.▓.▓.▓_▓
▓.▓.▓.▓.▓.▓.▓_▓
▓.▓.▓.▓.▓.▓.▓_▓
▓.▓.▓)▓.▓.▓.▓_▓
▓.▓.▓.▓.▓.▓.▓_▓


You could see a frost giant, a stone giant, a komodo dragon, a deep elf mage, an
orc warrior, a spriggan shaped shifter and a wasp.

Vanquished Creatures
  Josephine (D)
  Harold (D)
  An orc high priest (D)
  Sonja (D)
  4 lindwurms (D)
  2 orc knights (D)
  An orc sorcerer (D)
  An elephant (D)
  Psyche (D)
  A spiny frog (D)
  2 komodo dragons (D)
  2 fire drakes (D)
  2 two-headed ogres (D)
  A blink frog (D)
  3 giant leeches (D)
  A shadow (D)
  3 wraiths (D)
  2 hippogriffs (D)
  2 water moccasins (D)
  A porcupine (D)
  7 orc warriors (D)
  An eye of draining (D)
  2 sky beasts (D)
  A crocodile (D)
  2 centaurs (D)
  A big kobold (D)
  2 giant frogs (D)
  A wight (D)
  3 hounds (D)
  2 orc priests (D)
  5 orc wizards (D)
  An iguana (D)
  A sheep (D)
  2 river rats (D)
  A shadow imp (D)
  An adder zombie (D)
  2 adder skeletons (D)
  A worm (D)
  A giant gecko (D)
  20 orcs (D)
  A hobgoblin (D)
  2 jackals (D)
  A kobold (D)
  A rat (D)
95 creatures vanquished.

Vanquished Creatures (others)
  A river rat (D)
1 creature vanquished.

Grand Total: 96 creatures vanquished

Notes
Turn   | Place    | Note
--------------------------------------------------------------
     0 | D        | ahoge the Gargoyle Fighter began the quest for the Orb.
     0 | D        | Reached XP level 1. HP: 14/14 MP: 1/1
    18 | D        | Reached skill level 4 in Armour
    25 | D        | Reached XP level 2. HP: 12/20 MP: 2/2
    36 | D        | Noticed a centaur
    65 | D        | Reached skill level 5 in Fighting
    65 | D        | Reached skill level 5 in Armour
    65 | D        | Reached skill level 1 in Dodging
    65 | D        | Reached skill level 5 in Shields
    65 | D        | Reached XP level 3. HP: 26/26 MP: 3/3
    67 | D        | Killed a centaur
    67 | D        | Reached skill level 6 in Fighting
    67 | D        | Reached XP level 4. HP: 32/32 MP: 4/4
    67 | D        | Reached XP level 5. HP: 36/36 MP: 5/5
    68 | D        | Reached skill level 7 in Armour
    79 | D        | Found a glowing silver altar of Zin.
    79 | D        | Found a glowing golden altar of the Shining One.
    79 | D        | Found an ancient bone altar of Kikubaaqudgha.
    79 | D        | Found a basalt altar of Yredelemnul.
    79 | D        | Found a shimmering altar of Xom.
    79 | D        | Found a radiant altar of Vehumet.
    80 | D        | Found an iron altar of Okawaru.
    81 | D        | Found a burning altar of Makhleb.
    82 | D        | Found a deep blue altar of Sif Muna.
    83 | D        | Found a bloodstained altar of Trog.
    84 | D        | Found a sparkling altar of Nemelex Xobeh.
    85 | D        | Found a white marble altar of Elyvilon.
    86 | D        | Found a roughly hewn altar of Beogh.
    87 | D        | Found a viscous altar of Jiyva.
    88 | D        | Became a worshipper of Warmaster Okawaru
    89 | D        | Found a corrupted altar of Lugonu.
    90 | D        | Found a blossoming altar of Fedhas.
    91 | D        | Found a snail-covered altar of Cheibriados.
    92 | D        | Found a shadowy altar of Dithmenos.
    93 | D        | Found a stormy altar of Qazlal.
    94 | D        | Found an opulent altar of Gozag.
    95 | D        | Found a sacrificial altar of Ru.
    96 | D        | Found an oddly glowing altar of Pakellas.
   152 | D        | Noticed a sky beast
   152 | D        | Noticed a two-headed ogre
   152 | D        | Noticed a centaur
   152 | D        | Noticed a water moccasin
   183 | D        | Killed a water moccasin
   183 | D        | Reached skill level 8 in Armour
   183 | D        | Reached XP level 6. HP: 32/44 MP: 6/6
   193 | D        | Reached skill level 5 in Maces & Flails
   196 | D        | Killed a two-headed ogre
   196 | D        | Reached * piety under Okawaru
   196 | D        | Reached skill level 9 in Armour
   196 | D        | Reached skill level 5 in Dodging
   196 | D        | Reached XP level 7. HP: 31/49 MP: 7/7
   217 | D        | Gained mutation: Your flesh is heat resistant. [mutagenic meat]
   218 | D        | Gained mutation: Your body sometimes deteriorates upon taking damage. [mutagenic meat]
   219 | D        | Gained mutation: You are weak. (Str -2) [mutagenic meat]
   220 | D        | Gained mutation: Your large and strong wings let you fly indefinitely. [mutagenic meat]
   228 | D        | Noticed a two-headed ogre
   251 | D        | Reached XP level 8. HP: 40/55 MP: 0/8
   256 | D        | Reached skill level 10 in Armour
   262 | D        | Killed a two-headed ogre
   262 | D        | Reached ** piety under Okawaru
   376 | D        | Noticed a fire drake
   381 | D        | Noticed a blink frog
   390 | D        | Killed a fire drake
   390 | D        | Reached skill level 1 in Stealth
   403 | D        | Killed a blink frog
   403 | D        | Reached skill level 10 in Fighting
   403 | D        | Reached XP level 9. HP: 56/62 MP: 9/9
   423 | D        | Reached *** piety under Okawaru
   439 | D        | Noticed a komodo dragon
   439 | D        | Noticed a fire drake
   439 | D        | Noticed a spiny frog
   441 | D        | Noticed a komodo dragon
   444 | D        | Killed a spiny frog
   449 | D        | Noticed an elephant
   454 | D        | Killed a fire drake
   454 | D        | Reached skill level 10 in Maces & Flails
   454 | D        | Reached skill level 11 in Armour
   482 | D        | Killed a komodo dragon
   495 | D        | Killed a komodo dragon
   504 | D        | Killed an elephant
   504 | D        | Reached **** piety under Okawaru
   504 | D        | Reached XP level 10. HP: 37/71 MP: 7/10
   522 | D        | Noticed a lindwurm
   522 | D        | Noticed a lindwurm
   522 | D        | Noticed a lindwurm
   524 | D        | Noticed a lindwurm
   525 | D        | Killed a lindwurm
   525 | D        | Reached skill level 12 in Fighting
   525 | D        | Reached skill level 1 in Invocations
   533 | D        | Killed a lindwurm
   533 | D        | Reached ***** piety under Okawaru
   544 | D        | Reached skill level 13 in Maces & Flails
   548 | D        | Killed a lindwurm
   553 | D        | Killed a lindwurm
   620 | D        | Noticed Psyche
   622 | D        | Noticed Harold
   639 | D        | Killed Harold
   639 | D        | Received a gift from Okawaru
   639 | D        | Reached skill level 14 in Maces & Flails
   639 | D        | Reached skill level 10 in Dodging
   639 | D        | Reached XP level 11. HP: 76/78 MP: 12/12
   640 | D        | Got a brightly glowing large shield {god gift}
   641 | D        | Killed Psyche
   743 | D        | Reached skill level 5 in Stealth
   821 | D        | Noticed an orc knight
   842 | D        | Noticed an orc sorcerer
   863 | D        | Killed an orc knight
   868 | D        | Killed an orc sorcerer
   919 | D        | Found Saugh's Armour Boutique.
   921 | D        | Noticed an orc knight
   931 | D        | Found Kicuw's Antique Armour Shop.
   940 | D        | Killed an orc knight
   941 | D        | Found Tuewol's Food Boutique.
   950 | D        | Found Keusei's Book Shop.
   952 | D        | Noticed an orc high priest
   967 | D        | Killed an orc high priest
   967 | D        | Reached skill level 15 in Maces & Flails
   967 | D        | Reached skill level 5 in Invocations
  1057 | D        | Noticed Sonja
  1065 | D        | Killed Sonja
  1092 | D        | Noticed Josephine
  1106 | D        | Killed Josephine
  1242 | D        | Noticed a deep elf mage
  1250 | D        | Identified the +0 large shield "Iqesa" {*Corrode Int+4} (Okawaru gifted it to you in the Dungeon)
  1252 | D        | Noticed a frost giant
  1256 | D        | Noticed a stone giant
  1270 | D        | Killed from afar by a frost giant

Vault maps used:
D:        linesprint

Action                   |  1- 3 |  4- 6 |  7- 9 | 10-12 || total
-------------------------+-------+-------+-------+-------++-------
Melee: Flail             |    51 |     2 |       |    19 ||    72
       Dire flail        |       |    44 |   143 |   186 ||   373
Invok: Heroism           |       |       |     1 |     5 ||     6
       Finesse           |       |       |       |     4 ||     4
 Abil: Fly               |       |       |     1 |       ||     1
  Use: Potion            |     2 |       |     3 |     3 ||     8
 Stab: Sleeping          |       |       |       |     3 ||     3
       Invisible         |       |       |       |     8 ||     8
  Eat: Chunk             |       |       |     4 |     4 ||     8
